 Dungeon Crawl Stone Soup version 0.26-a0-75-ga645b5fb18 (webtiles) character file.

Game seed: 12292393332774294077

994 ICC the Thaumaturge (level 8, -3/40 HPs)
             Began as a Vine Stalker Fighter on June 14, 2020.
             Slain by a bullfrog (4 damage)
             ... on level 6 of the Dungeon.
             The game lasted 00:14:52 (3692 turns).

ICC the Thaumaturge (Vine Stalker Fighter)          Turns: 3692, Time: 00:14:53

Health: -3/40      AC: 10    Str: 20    XL:     8   Next: 19%
Magic:  0/21       EV:  5    Int:  8    God:
Gold:   296        SH:  9    Dex: 15    Spells: 23/23 levels left

rFire    + + .     SeeInvis .   w - +0 rapier
rCold    . . .     Gourm    .   c - +0 kite shield
rNeg     . . .     Faith    .   s - +1 chain mail {rF+}
rPois    .         Spirit   +   (no helmet)
rElec    .         Reflect  .   A - +0 cloak
rCorr    .         Harm     .   (no gloves)
MR       +....                  (no boots)
Stlth    ..........             (no amulet)
HPRegen  0.53/turn              m - ring of protection from fire
MPRegen  0.17/turn              x - ring of attention (curse)

@: mighty
A: fangs 3, regeneration 1, magic shield, antimagic bite, no potion heal 3, rot
immunity
a: no special abilities


You were on level 6 of the Dungeon.
You were not hungry.

You visited 2 branches of the dungeon, and saw 7 of its levels.

You collected 296 gold pieces.

Inventory:

Hand Weapons
 a - a +0 dagger of draining
 w - a +0 rapier (weapon)
Missiles
 o - 16 boomerangs (quivered)
Armour
 c - a +0 kite shield (worn)
 s - a +1 chain mail of fire resistance (worn)
 A - a +0 cloak (worn)
Jewellery
 m - a ring of protection from fire (left hand)
 x - a cursed ring of attention (right hand)
Wands
 z - a wand of acid (10)
 V - a wand of random effects (24)
Scrolls
 b - a scroll of enchant armour {unknown}
 e - a scroll of noise {unknown}
 g - a scroll of fear {unknown}
 h - 7 scrolls of identify {unknown}
 i - 2 scrolls of amnesia {unknown}
 j - 2 scrolls of remove curse {unknown}
 l - 2 scrolls of teleportation {unknown}
 q - 3 scrolls of fog {unknown}
 y - a scroll of magic mapping {unknown}
Potions
 k - 6 potions of curing {unknown}
 n - 3 potions of stabbing {unknown}
 p - 2 potions of resistance {unknown}
 r - a potion of degeneration {unknown}
 t - a potion of cancellation {unknown}
 u - 2 potions of lignification {unknown}
Comestibles
 f - 7 rations
 v - a chunk of flesh


   Skills:
 - Level 3.0 Fighting
 + Level 4.2 Short Blades
 - Level 2.4 Armour
 - Level 2.6 Shields
 - Level 8.0 Spellcasting


You had 23 spell levels left.
You didn't know any spells.
Your spell library contained the following spells:

 Spells                   Type           Power        Failure   Level  Hunger
 Beastly Appendage        Tmut           #.....       100%        1    None
 Sticks to Snakes         Tmut           #.......     100%        2    ##.....
 Spider Form              Tmut/Pois      #.........   100%        3    ###....
 Ice Form                 Ice/Tmut       #.......     100%        4    ####...
 Blade Hands              Tmut           #.........   100%        5    ######.


Dungeon Overview and Level Annotations

Branches:
Dungeon (6/15)             Temple (1/1) D:4

Altars:
Ashenzari
Cheibriados
Dithmenos
Elyvilon
Gozag
Hepliaklqana
Kikubaaqudgha
Makhleb
Nemelex Xobeh
Okawaru
Qazlal
Ru
Sif Muna
Trog
Vehumet
Xom
Yredelemnul
Zin

Shops:
D:4 (

Annotations:
D:5 2 transporters
D:6 Maggie


Innate Abilities, Weirdness & Mutations

You have razor-sharp teeth.
Your natural rate of healing is unusually fast.
When hurt, damage is shared between your health and your magic reserves.
Your bite disrupts and absorbs the magic of your enemies.
Potions cannot restore your health.
You are immune to rotting.


Message History

Something hits you!
* * * LOW HITPOINT WARNING * * *
You hit something. You block the bullfrog's attack.
The bullfrog hits you but does no damage.
You closely miss something. You bite something. You drain its magic.
You feel invigorated.
You break out of your daze.
Something hits you.
* * * LOW HITPOINT WARNING * * *
x2 The bullfrog hits you.
* * * LOW HITPOINT WARNING * * *
You puncture something!
The bullfrog hits you but does no damage.
The bullfrog hits you.
* * * LOW HITPOINT WARNING * * *
Something hits you.
* * * LOW HITPOINT WARNING * * *
Your chain mail prevents you from hitting something.
Your bite misses something. The bullfrog hits you.
You die...

### ########...
#..........
#........#
####.....$..#
.$.........#
##.###........#
.F......F.>...#
..###..{@....#
##†###.##.### #.##
##.#... #..#####.#
#... #....÷<.##
##.###
...#######.###..<.#
#.....###.# #.##.##
.# #.##.# #


You could see a bullfrog.

Vanquished Creatures
  A sky beast (D:6)
  A scorpion (D:6)
  A howler monkey (D:6)
  A centaur zombie (D:5)
  2 crimson imps (D:5)
  An orc priest (D:3)
  4 hounds
  A jelly (D:6)
  A centaur skeleton (D:5)
  2 iguanas
  4 orc wizards
  3 worker ants
  3 gnolls (D:2)
  9 adders
  2 oozes
  5 dart slugs
  4 worms
  A leopard gecko (D:1)
  27 orcs
  2 giant cockroaches
  6 goblins
  11 hobgoblins
  8 jackals
  10 kobolds
  6 quokkas
  2 ball pythons
  5 bats
  3 frilled lizards
  A leopard gecko skeleton (D:4)
  4 rats
131 creatures vanquished.

Notes
Turn   | Place    | Note
-------+----------+-------------------------------------------
     0 | D:1      | ICC the Vine Stalker Fighter began the quest for the Orb.
     0 | D:1      | Reached XP level 1. HP: 11/11 MP: 2/2
   132 | D:1      | Reached skill level 1 in Spellcasting
   141 | D:1      | Reached XP level 2. HP: 13/16 MP: 2/5
   168 | D:1      | Reached skill level 2 in Spellcasting
   324 | D:1      | Reached XP level 3. HP: 19/19 MP: 7/7
   630 | D:1      | Reached skill level 3 in Spellcasting
   699 | D:2      | Found a shattered altar of Ashenzari.
   807 | D:2      | Gained mutation: Your natural rate of healing is unusually
                  | fast. [Vine Stalker growth]
   807 | D:2      | Reached XP level 4. HP: 22/23 MP: 8/10
   909 | D:2      | Reached skill level 4 in Spellcasting
  1023 | D:2      | Found a hazy altar of Hepliaklqana.
  1024 | D:2      | Found a bloodstained altar of Trog.
  1441 | D:3      | Reached XP level 5. HP: 26/27 MP: 12/12
  1546 | D:3      | Reached skill level 5 in Spellcasting
  1564 | D:3      | Found a white marble altar of Elyvilon.
  1875 | D:3      | Reached XP level 6. HP: 22/32 MP: 7/15
  2269 | D:4      | Found Juoxisis's Weapon Emporium.
  2383 | D:4      | Found a staircase to the Ecumenical Temple.
  2401 | D:4      | Reached skill level 6 in Spellcasting
  2431 | Temple   | Entered the Ecumenical Temple
  3053 | D:5      | Entered Level 5 of the Dungeon
  3086 | D:5      | Reached XP level 7. HP: 36/36 MP: 18/18
  3129 | D:5      | Reached skill level 7 in Spellcasting
  3344 | D:5      | Found a transporter.
  3348 | D:5      | Found a transporter.
  3416 | D:5      | Reached skill level 8 in Spellcasting
  3647 | D:6      | Gained mutation: You have razor-sharp teeth. [Vine Stalker
                  | growth]
  3647 | D:6      | Reached XP level 8. HP: 40/40 MP: 21/21
  3675 | D:6      | Noticed Maggie
  3691 | D:6      | HP: 2/40 [bullfrog (2)]
  3692 | D:6      | Slain by a bullfrog

Illustrated notes

Levels and vault maps discovered:
D:1:      doesnt_arrival_eight_statues, layout_basic
D:2:      layout_loops_ring, gammafunk_temple_overflow_pools,
          evilmike_ruin_ashenzari
D:3:      layout_basic, elyvilon_altar_4
D:4:      minmay_opposing_rooms, layout_basic,
          minmay_temple_entry_drinking_statues, serial_shops,
          nicolae_shop_waterfront
D:5:      layout_rooms, gammafunk_ghost_hive, first_ration,
          kennysheep_generic_room_8
D:6:      layout_loops_ring, old_standard_altar, nicolae_overflow_crystal_walls,
          fedhas_altar_1, uniq_maggie
Temple:   eino_wide_crystal_templ

Skill      XL: |  1  2  3  4  5  6  7  8 |
---------------+-------------------------+-----
Spellcasting   | 1 2 3 4 5 6 8 |  8.0
Short Blades   | 2 3 4 |  4.2
Fighting       | 3 |  3.0
Armour         | |  2.4
Shields        | |  2.6

Action                   |  1- 3 |  4- 6 |  7- 9 || total
-------------------------+-------+-------+-------++-------
Melee: Rapier            |    62 |   284 |   133 ||   479
       Bite              |    17 |    77 |    40 ||   134
Throw: Boomerang         |       |     3 |     4 ||     7
Evoke: Wand              |       |       |     5 ||     5
  Use: Potion            |       |       |     1 ||     1
  Eat: Chunk             |       |     8 |     2 ||    10
Armor: Scale mail        |    23 |    65 |       ||    88
       Chain mail        |       |    22 |    79 ||   101
Dodge: Dodged            |    14 |    61 |    22 ||    97
Block: Kite shield       |    35 |   119 |    59 ||   213

Table legend:
 A = Non-vault XP
 B = Vault XP
 C = Vault XP percentage of total XP
 D = Non-vault monster count
 E = Vault monster count
 F = Vault count percentage of total count
                 A         B        C        D         E       F
            +---------+---------+-------+---------+---------+-------
      Total |    1295 |     126 |   8.9 |     123 |       8 |   6.1
            +---------+---------+-------+---------+---------+-------
        D:1 |      55 |       0 |   0.0 |      23 |       0 |   0.0
        D:2 |      85 |       0 |   0.0 |      20 |       0 |   0.0
        D:3 |     213 |       2 |   0.9 |      41 |       1 |   2.4
        D:4 |     166 |      85 |  33.9 |      15 |       6 |  28.6
        D:5 |     481 |      39 |   7.5 |      20 |       1 |   4.8
        D:6 |     295 |       0 |   0.0 |       4 |       0 |   0.0
            +---------+---------+-------+---------+---------+-------
